 Dungeon Crawl Stone Soup version 0.30-a0-365-ge7f957f1db (webtiles) character file.

Game seed: 1458295024915715541

1823 MachoJfn the Firebug (level 8, -3/61 HPs)
             Began as a Demigod Fire Elementalist on Nov 16, 2022.
             Shot with an arrow by a centaur (6 damage)
             ... on level 7 of the Dungeon on Nov 17, 2022.
             The game lasted 01:00:35 (7946 turns).

MachoJfn the Firebug (Demigod Fire Elementalist)    Turns: 7946, Time: 01:00:36

Health: -3/61      AC:  4    Str: 13    XL:     8   Next: 55%
Magic:  17/18      EV: 13    Int: 21    God:
Gold:   268        SH:  0    Dex: 14    Spells: 11/16 levels left

rFire   + . .      SeeInvis +    r - +2 long sword (elec)
rCold   + . .      Faith    .    (no shield)
rNeg    . . .      Spirit   .    h - +2 robe {Will+}
rPois   .          Reflect  .    (no helmet)
rElec   .          Harm     .    v - scarf {rC+ rF+}
rCorr   .          Rampage  .    (no gloves)
Will    +....                    (no boots)
Stlth   ++........               (no amulet)
HPRegen 0.30/turn                n - ring of see invisible
MPRegen 0.16/turn                p - +4 ring of slaying

@: mighty
A: high MP 1, forlorn, divine attributes
a: no special abilities


You were on level 7 of the Dungeon.
You visited 2 branches of the dungeon, and saw 8 of its levels.

You collected 268 gold pieces.

Inventory:

Hand Weapons
 d - a +3 short sword of protection
 r - a +2 long sword of electrocution (weapon)
Armour
 h - a +2 robe of willpower (worn)
 v - a scarf of resistance (worn)
Jewellery
 n - a ring of see invisible (left hand)
 p - a +4 ring of slaying (right hand)
Wands
 g - a wand of polymorph (11)
 i - a wand of iceblast (6)
 w - a wand of light (9)
Scrolls
 c - 2 scrolls of vulnerability
 l - a scroll of noise
 m - a scroll of torment
 o - a scroll of enchant weapon
 u - a scroll of amnesia
Potions
 a - a potion of mutation {unknown}
 b - a potion of magic
 k - 2 potions of curing
 s - 2 potions of haste {unknown}


   Skills:
 + Level 2.1 Fighting
 + Level 2.4(2.9) Short Blades
 + Level 2.1(2.7) Long Blades
 + Level 3.5 Dodging
 + Level 3.7 Stealth
 + Level 4.7 Spellcasting
 + Level 4.8 Conjurations
 + Level 5.4 Fire Magic


You had 11 spell levels left.
You knew the following spells:

 Your Spells              Type           Power      Damage    Failure   Level
a - Foxfire               Conj/Fire      100%       2x1d9     1%          1
b - Flame Wave            Conj/Fire      26%        2d8       13%         4

Your spell library contained the following spells:

 Spells                   Type           Power      Damage    Failure   Level
 Scorch                   Fire           54%        2d8       1%          2
 Shock                    Conj/Air       60%        1d6       4%          1
 Necrotise                Necr           20%        1d5       11%         1
 Inner Flame              Hex/Fire       16%        N/A       11%         3
 Kindle Blastsparks       Fire/Tloc/Air  24%        2d12      16%         3
 Swiftness                Air            5%         N/A       32%         3
 Vampiric Draining        Necr           5%         2d6       32%         3
 Airstrike                Air            2%         2d(1-17)  73%         4
 Agony                    Necr           5%         N/A       97%         5


Dungeon Overview and Level Annotations

Branches:
Dungeon (7/15)             Temple (1/1) D:4

Annotations:
D:6 3 runed translucent doors, Moonkey's ghost, novice DECj


Innate Abilities, Weirdness & Mutations

You have an increased reservoir of magic. (+10% MP)
You shall have no god before yourself.
Your divine heritage dramatically boosts your attributes as you level up.


Message History

The centaur hits you.
* * * LOW HITPOINT WARNING * * *
The centaur barely misses you. The orc hits you with a +0 hand axe.
* * * LOW HITPOINT WARNING * * *
The orc hits you with a +0 dagger.
* * * LOW HITPOINT WARNING * * *
Okay, then.
You are too confused!
You feel very mighty all of a sudden. The centaur closely misses you.
The centaur kicks you but does no damage.
The orc hits you with a +0 hand axe.
* * * LOW HITPOINT WARNING * * *
The orc hits you with a +0 dagger.
* * * LOW HITPOINT WARNING * * *
You closely miss the orc.
The orc is heavily wounded.
You feel less invigorated.
You feel less confused. The centaur hits you.
* * * LOW HITPOINT WARNING * * *
The centaur closely misses you.
The centaur hits you but does no damage.
The centaur kicks you but does no damage.
The orc barely misses you. The orc completely misses you.
You slash the centaur! Lightning courses through the centaur!
The centaur is almost dead.
The centaur barely misses you. x2; The orc hits you but does no damage.
The orc hits you with a +0 dagger.
* * * LOW HITPOINT WARNING * * *
The centaur hits you.
* * * LOW HITPOINT WARNING * * *
The centaur misses you.
Blink to where?
Press: ? - help, Dir - move target
As you read the scroll of blinking, it crumbles to dust.
The centaur wields a +0 shortbow.
The centaur shoots an arrow.
The arrow hits you.
You die...

#....# #...# ##..## ####
### ##....# #...
#...########## ##..#..##
##...
#.....)..c...####..###..##
#.... #....).o$.........##
##..###....
#.....o....###....##
##.##..... #..........#
###@.# #..#.....
#..........# #.##
##....... #.........## #.#
##...... #........## ..#
###....... ##......## #..#
#........< #.....## #.##
........... #.
....)....... ..
....##...... ..## ##.....


You could see a centaur.

Vanquished Creatures
  Sigmund (D:4)
  2 black bears
  3 centaurs
  2 ogres
  2 phantoms (D:5)
  Blork the orc (D:4)
  2 bullfrogs (D:6)
  A necrophage (D:4)
  A scorpion (D:5)
  A howler monkey (D:6)
  2 jellies
  3 hounds
  An orc priest (D:6)
  A gnoll bouda (D:5)
  2 orc wizards
  2 iguanas
  9 gnolls
  9 adders
  A white imp (D:6)
  An ufetubus (D:6)
  10 orcs
  9 ball pythons
  12 bats
  2 endoplasms
  4 giant cockroaches
  6 hobgoblins
  5 kobolds
  5 quokkas
  6 frilled lizards
  3 goblins
  11 rats
120 creatures vanquished.

Vanquished Creatures (others)
  376 foxfires
376 creatures vanquished.

Grand Total: 496 creatures vanquished

Notes
Turn   | Place    | Note
-------+----------+-------------------------------------------
     0 | D:1      | MachoJfn the Demigod Fire Elementalist began the quest for
                  | the Orb.
     0 | D:1      | Reached XP level 1. HP: 14/14 MP: 5/5
   413 | D:1      | Reached skill level 1 in Conjurations
   413 | D:1      | Reached skill level 3 in Fire Magic
   424 | D:1      | Reached XP level 2. HP: 20/20 MP: 0/7
  1983 | D:2      | Reached XP level 3. HP: 26/26 MP: 3/9
  3495 | D:4      | Noticed Sigmund
  3527 | D:4      | HP: 1/26 [something/puff of flame (9)]
  3531 | D:4      | Killed Sigmund
  3532 | D:4      | Reached skill level 4 in Fire Magic
  3532 | D:4      | Reached XP level 4. HP: 33/33 MP: 0/11
  3532 | D:4      | Reached XP level 5. HP: 38/38 MP: 0/12
  3862 | D:4      | Reached XP level 6. HP: 41/45 MP: 1/14
  3865 | D:4      | Noticed Blork the orc
  4039 | D:4      | Killed Blork the orc
  4056 | D:4      | Found a staircase to the Ecumenical Temple.
  4156 | Temple   | Entered the Ecumenical Temple
  4801 | D:5      | Entered Level 5 of the Dungeon
  5122 | D:5      | Reached XP level 7. HP: 26/50 MP: 10/16
  5371 | D:5      | Reached skill level 1 in Short Blades
  5469 | D:5      | Reached skill level 5 in Fire Magic
  5701 | D:5      | Reached skill level 1 in Fighting
  6446 | D:6      | Reached XP level 8. HP: 59/59 MP: 14/18
  7128 | D:6      | Reached skill level 1 in Long Blades
  7281 | D:6      | Found a runed translucent gate.
  7282 | D:6      | Found a runed translucent gate.
  7282 | D:6      | Noticed Moonkey's ghost (novice DECj)
  7283 | D:6      | Found a runed translucent gate.
  7289 | D:6      | Learned a level 4 spell: Flame Wave
  7302 | D:6      | Noticed a two-headed ogre
  7943 | D:7      | HP: 2/61 [centaur (5)]
  7946 | D:7      | Shot with an arrow by a centaur

Illustrated notes

Levels and vault maps discovered:
D:1:      dpeg_arrival_round_a, layout_basic
D:2:      minmay_door_path, layout_basic, basic_altar, uniq_terence
D:3:      layout_basic, gammafunk_temple_overflow_elements
D:4:      layout_rooms, minmay_temple_entry_glass, serial_park_tiny_1,
          minmay_misc_feat_four_crosses, uniq_blork_the_orc, uniq_sigmund
D:5:      layout_basic, minmay_liquid_box
D:6:      layout_rooms, gammafunk_ghost_split, corexii_leaking_fountain
D:7:      layout_cave_pods
Temple:   bh_familiar_temple

Skill      XL: |  1  2  3  4  5  6  7  8 |
---------------+-------------------------+-----
Spellcasting   | 2 3 4 |  4.7
Conjurations   | 1 2 3 4 |  4.8
Fire Magic     | 3 4 5 |  5.4
Stealth        | 2 3 |  3.7
Dodging        | 2 3 |  3.5
Short Blades   | 2 |  2.4
Fighting       | 1 2 |  2.1
Long Blades    | 2 |  2.1

Action                   |  1- 3 |  4- 6 |  7- 9 || total
-------------------------+-------+-------+-------++-------
Melee: Club              |     3 |       |       ||     3
       Short sword       |    19 |    24 |    73 ||   116
       Punch             |       |     1 |     3 ||     4
       Long sword        |       |       |    48 ||    48
 Cast: Foxfire           |   136 |    60 |    72 ||   268
       Flame Wave        |       |       |     4 ||     4
  Use: Scroll            |    11 |     3 |     3 ||    17
       Potion            |     3 |     1 |     7 ||    11
 Stab: Distracted        |       |       |     1 ||     1
       Sleeping          |       |       |     1 ||     1
Armor: Robe              |     6 |    19 |    49 ||    74
Dodge: Dodged            |    38 |    23 |   128 ||   189

Table legend: (Time is in decaauts)
 A = Elapsed time spent in this place.
 B = Non-inter-level travel time spent in this place.
 C = Inter-level travel time spent in this place.
 D = Time resting spent in this place.
 E = Time spent auto-exploring this place.
 F = Levels seen in this place.
 G = Mean time per level.
                   A        B        C        D        E       F      G
               +--------+--------+--------+--------+--------+-----+--------+
         Total |   7957 |   3503 |   4454 |   2345 |      0 |   8 |  994.6 |
       Dungeon |   7680 |   3494 |   4186 |   2345 |      0 |   7 | 1097.1 |
        Temple |    276 |      8 |    268 |      0 |      0 |   1 |  276.0 |
               +--------+--------+--------+--------+--------+-----+--------+

Top non-repeatable levels by time:
     D:1: 1771 daAuts
     D:5: 1546 daAuts
     D:6: 1495 daAuts
     D:4: 1048 daAuts
     D:2: 1003 daAuts
     D:3: 699 daAuts
  Temple: 276 daAuts
     D:7: 115 daAuts
